 Dungeon Crawl Stone Soup version 0.26-a0-689-gc93c913f66 (webtiles) character file.

Game seed: 16461202012850696242

38 GarryLv the Chiller (level 3, -1/14 HPs)
             Began as a Felid Ice Elementalist on Oct 23, 2020.
             Slain by a gnoll
             ... wielding a +0 spear
              (7 damage)
             ... on level 2 of the Dungeon.
             The game lasted 00:08:14 (1630 turns).

GarryLv the Chiller (Felid Ice Elementalist)        Turns: 1630, Time: 00:08:14

Health: -1/14      AC:  1    Str:  4    XL:     3   Next: 25%
Magic:  7/7        EV: 18    Int: 17    God:
Gold:   0          SH:  0    Dex: 16    Spells: 5/6 levels left
                                        Lives:  0   Deaths: 0

rFire    . . .     SeeInvis +   (weapon unavailable)
rCold    . . .     Faith    .   (shield unavailable)
rNeg     . . .     Spirit   .   (armour unavailable)
rPois    .         Reflect  .   (helmet unavailable)
rElec    .         Harm     .   (cloak unavailable)
rCorr    .         Rampage  .   (gloves unavailable)
MR       .....                  (boots unavailable)
Stlth    +++.......             (no amulet)
HPRegen  0.04/turn              (no ring)
MPRegen  0.10/turn              (no ring)

@: quick
A: very small, no armour, no weapons or thrown items, stealth, claws 1, fangs 3,
see invisible, speed 1, shaggy fur 1, sharp paws
a: no special abilities


You were on level 2 of the Dungeon.
You visited 1 branch of the dungeon, and saw 2 of its levels.

Inventory:

Jewellery
 a - an uncursed amulet of guardian spirit
Potions
 b - a potion of heal wounds


   Skills:
 * Level 2.8 Dodging
 * Level 3.1 Stealth
 + Level 0.1 Unarmed Combat
 * Level 2.3 Spellcasting
 + Level 4.3 Ice Magic


You had 5 spell levels left.
You knew the following spells:

 Your Spells              Type           Power        Failure   Level
a - Freeze                Ice            ###.         3%          1

Your spell library contained the following spells:

 Spells                   Type           Power        Failure   Level
 Frozen Ramparts          Ice            ###...       10%         3
 Ozocubu's Armour         Ice            ###.....     10%         3
 Hailstorm                Conj/Ice       #.......     61%         4
 Summon Ice Beast         Ice/Summ       #.......     61%         4


Dungeon Overview and Level Annotations

Branches:
Dungeon (2/15)

Altars:


Innate Abilities, Weirdness & Mutations

You cannot wear armour.
You are incapable of wielding weapons or throwing items.
Your paws allow you to move quietly. (Stealth)
You have sharp claws.
You have razor-sharp teeth.
You have supernaturally acute eyesight. (SInv)
You cover ground quickly.
You are covered in fur. (AC +1)
Your sharp claws are effective at attacking unaware monsters.


Message History

A gnoll comes into view. It is wielding a +0 whip.
The gnoll shouts!
You hear a shout! x2
Found a potion of heal wounds.
A rat and a gnoll come into view.
You hear a shout! x2
A gnoll comes into view. It is wielding a +0 halberd.
The gnoll shouts!
The gnoll moves out of view.
A goblin and a gnoll come into view.
The goblin shouts!
You see here a potion of heal wounds.
The gnoll completely misses you.
The gnoll hits you from afar with a +0 spear!
Ouch! That really hurt!
The gnoll misses you.
You see here a potion of heal wounds.
b - a potion of heal wounds The gnoll hits you from afar with a +0 spear!
Ouch! That really hurt!
You die...

..###.......# ..
.....r.... #.
#....g...#
#.##..g.....
#......gg. #
#.....g.#
#.#..##.g###
#......gg.@#
.########.#####.#
............###.#...
....................
.............##.#...
.######)))..../.#..
#..††..#### ##
####...##########
#...##...?.>.#####


You could see 2 gnolls and a goblin.

Vanquished Creatures
  A leopard gecko (D:2)
  4 bats
  A giant cockroach (D:1)
  8 goblins
  7 hobgoblins
  5 kobolds (D:1)
  4 frilled lizards
  2 rats (D:1)
32 creatures vanquished.

Notes
Turn   | Place    | Note
-------+----------+-------------------------------------------
     0 | D:1      | GarryLv the Felid Ice Elementalist began the quest for the
                  | Orb.
     0 | D:1      | Reached XP level 1. HP: 7/7 MP: 4/4
   395 | D:1      | Reached skill level 4 in Ice Magic
   471 | D:1      | Reached XP level 2. HP: 11/11 MP: 4/6
  1286 | D:1      | Reached XP level 3. HP: 13/14 MP: 2/7
  1630 | D:2      | Slain by a gnoll

Illustrated notes

Levels and vault maps discovered:
D:1:      dpeg_arrival_morbid_curiosity, layout_loops_ring
D:2:      layout_loops_cross, nicolae_ru_awakened_eye

Skill      XL: |  1  2 |
---------------+-------+-----
Ice Magic      | 4 |  4.3
Stealth        | 3 |  3.1
Dodging        | |  2.8
Unarmed Combat | |  0.1
Spellcasting   | |  2.3

Action                   || total
-------------------------++-------
Melee: Unarmed           ||     7
 Cast: Freeze            ||    40
  Use: Scroll            ||     2
       Potion            ||     2
Dodge: Dodged            ||    39

Table legend: (Time is in decaauts)
 A = Elapsed time spent in this place.
 B = Non-inter-level travel time spent in this place.
 C = Inter-level travel time spent in this place.
 D = Time resting spent in this place.
 E = Time spent auto-exploring this place.
 F = Levels seen in this place.
 G = Mean time per level.
                   A        B        C        D        E       F      G
               +--------+--------+--------+--------+--------+-----+--------+
         Total |   1457 |   1137 |    320 |    690 |      0 |   2 |  728.5 |
       Dungeon |   1457 |   1137 |    320 |    690 |      0 |   2 |  728.5 |
               +--------+--------+--------+--------+--------+-----+--------+

Top non-repeatable levels by time:
     D:1: 1322 daAuts
     D:2: 134 daAuts
